 Dungeon Crawl Stone Soup version 0.24.0-13-gcf9b319 (webtiles) character file.

Game seed: 2945939691162845235, levelgen mode: deterministic

2285 Exaltedone87 the Cleaver (level 9, -7/118 HPs)
             Began as a Pale Draconian Berserker on Mar 16, 2020.
             Was an Elder of Trog.
             Mangled by Harold
             ... wielding a +6 war axe of venom
              (18 damage)
             ... on level 7 of the Dungeon.
             The game lasted 00:13:50 (5592 turns).

Exaltedone87 the Cleaver (Pale Draconian Berserker) Turns: 5592, Time: 00:13:50

Health: -7/118     AC: 11    Str: 27    XL:     9   Next: 17%
Magic:  9/9        EV: 15    Int:  7    God:    Trog [****..]
Gold:   345        SH:  0    Dex: 12    Spells: 8/8 levels left

rFire    . . .     SeeInvis .   a - +1 hand axe
rCold    . . .     Gourm    .   (no shield)
rNeg     . . .     Faith    .   (armour unavailable)
rPois    .         Spirit   .   (helmet restricted)
rElec    .         Reflect  .   p - +0 cloak
rCorr    .         Harm     .   (no gloves)
MR       ++...     Clarity  +   m - +2 pair of boots
Stlth    ..........             (no amulet)
HPRegen  1.29/turn              (no ring)
MPRegen  0.11/turn              (no ring)

@: berserking, lethally poisoned (-7 -> -15), marked, regenerating, very quick
A: breathe steam, unfitting armour, hooves 1, clarity, cold-blooded, AC +7
a: Breathe Steam, Berserk, Trog's Hand, Brothers in Arms, Renounce Religion


You were on level 7 of the Dungeon.
You worshipped Trog.
Trog was greatly pleased with you.
You were very hungry.

You visited 2 branches of the dungeon, and saw 8 of its levels.

You collected 345 gold pieces.

Inventory:

Hand Weapons
 a - a +1 hand axe (weapon)
 o - a +1 whip of flaming
Armour
 m - a +2 pair of boots (worn)
 p - a +0 cloak (worn)
Scrolls
 c - a scroll of magic mapping
 f - 3 scrolls of remove curse
 i - 5 scrolls of enchant weapon
 n - a scroll of amnesia {unknown}
Potions
 d - a potion of magic
 e - a potion of curing
 g - a potion of haste
 j - 4 potions of flight
 k - a potion of mutation
 l - 2 potions of berserk rage
 q - a potion of brilliance
Comestibles
 b - 9 rations


   Skills:
 + Level 7.4 Fighting
 * Level 9.2 Axes
 + Level 6.2 Dodging


You had 8 spell levels left.
You didn't know any spells.
Your spell library was empty.

Dungeon Overview and Level Annotations

Branches:
Dungeon (7/15)             Temple (1/1) D:4

Altars:
Ashenzari
Dithmenos
Elyvilon
Fedhas
Gozag
Okawaru
Sif Muna
Uskayaw
Vehumet
The Shining One

Annotations:
D:7 Harold


Innate Abilities, Weirdness & Mutations

You can breathe blasts of scalding, opaque steam.
Your pale cyan-grey scales are hard. (AC +7)
You cannot fit into any form of body armour.
You are cold-blooded and may be slowed by cold attacks.
You have large cloven feet.
You possess an exceptional clarity of mind.


Message History

You are more poisoned.
You hit Harold but do no damage.
Harold is moderately wounded.
You feel sick. Harold barely misses you.
You hit Harold.
Harold is moderately wounded.
You feel very sick.
Harold says, "This is so exciting!
What a great way to end my career!"
Harold hits you with a +6 war axe of venom!
* * * LOW HITPOINT WARNING * * *
You hit Harold but do no damage.
Harold is moderately wounded.
* * * LOW HITPOINT WARNING * * *
You feel very sick.
A red film seems to cover your vision as you go berserk!
You feel yourself moving faster!
You feel mighty!
You are feeling very hungry.
You feel very sick.
Harold hits you with a +6 war axe of venom!!
You die...

..... ##..<## # ###
##.....##.# #.......#.
######### #.........
#........ #.....).#
#.####... #......# #.#
#.## #...@.### #.# #.#
#..@....####.####.#
#######.................#
#....(........####...####
#.#######...### #...# #.#
#...# #...##### #.# #..##
#........ #.# #..#
##..##### #.#
####..########..# #.#
#...............#


You could see Harold.

Vanquished Creatures
  Pikel (D:4)
  The ghost of bubbles12340 the Cudgeler, a novice GrFi of Gozag (D:5)
  Eustachio (D:4)
  Menkaure (D:5)
  2 sky beasts
  An ogre (D:7)
  A centaur (D:6)
  A scorpion (D:4)
  3 wights (D:5)
  A howler monkey (D:4)
  2 crimson imps
  A centaur zombie (D:5)
  2 hounds
  2 centaur skeletons (D:5)
  2 orc priests
  Crazy Yiuf (D:5)
  Natasha (D:2)
  An iguana (D:6)
  An orc wizard (D:3)
  4 worker ants
  A hound zombie (D:5)
  6 adders
  2 adder zombies
  4 worms
  2 dart slugs
  9 leopard geckos
  16 orcs
  2 ball pythons
  5 giant cockroaches
  6 goblins
  6 hobgoblins
  4 jackals (D:3)
  A quokka (D:4)
  6 bats
  8 frilled lizards
  A jackal skeleton (D:4)
  9 kobolds
  A leopard gecko skeleton (D:5)
  2 leopard gecko zombies
  9 rats
130 creatures vanquished.

Vanquished Creatures (others)
  An adder (D:4)
  A worm (D:4)
2 creatures vanquished.

Grand Total: 132 creatures vanquished

Notes
Turn   | Place    | Note
-------+----------+-------------------------------------------
     0 | D:1      | Exaltedone87 the Draconian Berserker began the quest for
                  | the Orb.
     0 | D:1      | Reached XP level 1. HP: 19/19 MP: 1/1
   160 | D:1      | Reached XP level 2. HP: 18/26 MP: 2/2
   476 | D:1      | Reached ** piety under Trog
   679 | D:2      | Reached XP level 3. HP: 33/33 MP: 3/3
   770 | D:2      | Reached skill level 4 in Axes
   782 | D:2      | Reached XP level 4. HP: 25/40 MP: 4/4
   798 | D:2      | Found a glowing golden altar of the Shining One.
  1076 | D:2      | Found a faded altar of an unknown god.
  1215 | D:2      | Found a hide-covered altar of Uskayaw.
  1385 | D:2      | Noticed Natasha
  1396 | D:2      | Killed Natasha
  1652 | D:3      | Reached XP level 5. HP: 30/46 MP: 5/5
  1986 | D:3      | Found a shattered altar of Ashenzari.
  2071 | D:3      | Reached *** piety under Trog
  2214 | D:3      | Reached skill level 5 in Axes
  2270 | D:4      | Found a staircase to the Ecumenical Temple.
  2279 | Temple   | Entered the Ecumenical Temple
  2296 | D:4      | Noticed a slave
  2296 | D:4      | Noticed a slave
  2301 | D:4      | Noticed Pikel
  2311 | D:4      | Noticed a slave
  2313 | D:4      | Noticed a slave
  2329 | D:4      | Killed Pikel
  2329 | D:4      | Reached skill level 5 in Fighting
  2329 | D:4      | Reached skill level 6 in Axes
  2329 | D:4      | Reached XP level 6. HP: 42/56 MP: 6/6
  2329 | D:4      | Your scales start taking on a pale cyan-grey colour.
  2329 | D:4      | Reached XP level 7. HP: 45/61 MP: 7/7
  2392 | D:4      | Found an opulent altar of Gozag.
  2679 | D:4      | Noticed Eustachio
  2694 | D:4      | Killed Eustachio
  3175 | D:4      | Reached skill level 7 in Axes
  3435 | D:5      | Entered Level 5 of the Dungeon
  3435 | D:5      | Noticed Menkaure
  3444 | D:5      | Killed Menkaure
  3444 | D:5      | Reached skill level 5 in Dodging
  3444 | D:5      | Reached XP level 8. HP: 55/70 MP: 8/8
  3561 | D:5      | Found a runed translucent gate.
  3561 | D:5      | Found a runed translucent gate.
  3561 | D:5      | Found a runed translucent gate.
  3563 | D:5      | Noticed bubbles12340's ghost (novice GrFi)
  3591 | D:5      | HP: 3/70 [bubbles12340's ghost (14)]
  3596 | D:5      | Killed bubbles12340's ghost
  3596 | D:5      | Reached skill level 8 in Axes
  3901 | D:5      | Found a shadowy altar of Dithmenos.
  4026 | D:5      | Found a blossoming altar of Fedhas.
  4051 | D:5      | Found a runed translucent door.
  4052 | D:5      | Noticed Crazy Yiuf
  4059 | D:5      | Killed Crazy Yiuf
  4191 | D:5      | You fall into a shaft and drop 2 floors!
  4801 | D:6      | Reached skill level 9 in Axes
  4801 | D:6      | Reached XP level 9. HP: 73/79 MP: 9/9
  5125 | D:6      | Reached **** piety under Trog
  5353 | D:6      | Found a glowing golden altar of the Shining One.
  5354 | D:6      | Found an iron altar of Okawaru.
  5399 | D:6      | Gained mutation: You have large cloven feet. [potion of
                  | mutation]
  5399 | D:6      | Gained mutation: You possess an exceptional clarity of
                  | mind. [potion of mutation]
  5458 | D:7      | Found a radiant altar of Vehumet.
  5575 | D:7      | Noticed Harold
  5592 | D:7      | Mangled by Harold

Levels and vault maps discovered:
D:1:      scummos_arrival_simple_fountains, layout_loops_cross, minivault_5,
          minmay_splitting_lines, hex_medium, minmay_octomino_j4
D:2:      layout_basic, marbit_many_paths,
          chequers_ecumenical_altar_simple_redux, first_ration, tso_metal_star,
          uniq_natasha
D:3:      layout_rooms, lemuel_crystal_altar
D:4:      layout_basic, kennysheep_mini, minmay_temple_entry_arrows,
          portal_sewer_entry_f, uniq_eustachio, uniq_pikel
D:5:      layout_loops_ring, grunt_dithmenos_smoke, fedhas_altar_1,
          gammafunk_ghost_necromancy, uniq_crazy_yiuf_cottage, uniq_menkaure
D:6:      layout_loops_ring, gammafunk_temple_overflow_statue
D:7:      minmay_angry_zag, layout_loops_ring, kennysheep_mini_moat,
          ebering_ghost_rock_garden, uniq_harold
Temple:   nicolae_temple_great_sept

Skill      XL: |  1  2  3  4  5  6  7  8 |
---------------+-------------------------+-----
Dodging        | 3 4 5 6 |  6.2
Axes           | 4 6 7 9 |  9.2
Fighting       | 4 5 6 7 |  7.4

Action                   |  1- 3 |  4- 6 |  7- 9 || total
-------------------------+-------+-------+-------++-------
Melee: Hand axe          |   114 |   109 |   275 ||   498
       Tailslap          |     7 |    15 |    45 ||    67
Invok: Berserk           |       |     2 |     2 ||     4
       Trog's Hand       |       |     1 |     3 ||     4
  Use: Scroll            |     2 |     6 |     7 ||    15
       Potion            |       |     3 |     6 ||     9
 Stab: Sleeping          |       |       |     1 ||     1
  Eat: Chunk             |       |     5 |     7 ||    12
       Ration            |       |       |     2 ||     2
Armor: Skin              |    49 |    37 |    55 ||   141
Dodge: Dodged            |    86 |    84 |   166 ||   336
